 Dungeon Crawl Stone Soup version 0.19-a0-1041-g82b1012 (webtiles) character file.

126370 4thArraOfDagon the Fencer (level 16, -3/120 HPs)
             Began as a Mummy Arcane Marksman on July 30, 2016.
             Was an Initiate of Gozag.
             Slain by Donald
             ... wielding a +2 broad axe of chopping
              (30 damage)
             ... on level 3 of the Spider Nest on July 31, 2016.
             The game lasted 02:35:11 (27006 turns).

4thArraOfDagon the Fencer (Mummy Arcane Marksman)  Turns: 27006, Time: 02:35:12

Health: -3/120     AC: 45    Str: 18    XL:     16   Next: 43%
Magic:  19/19      EV:  5    Int: 23    God:    Gozag
Gold:   1435       SH:  5    Dex: 18    Spells: 3 memorised, 9 levels left

rFire  . . .     SeeInvis .     T - +6 scimitar of Flaming Death {sticky flame, rPois rF++ rC- MR+}
rCold  + . .     Gourm    .     y - +12 crystal plate armour "Siaved" {rC- Str+2 Int+4 Stlth+}
rNeg   + + +     Faith    .     (no shield)
rPois  ∞         Spirit   .     K - +2 helmet {Int+3}
rElec  .         Dismiss  .     U - +0 cloak of Distant Worlds {rC+ Dex+5} (curse)
rCorr  .         Reflect  +     z - +2 pair of gloves {archery}
SustAt .         Harm     .     f - +1 pair of boots
MR     +++..                    g - +5 amulet of reflection
Stlth  ..........               X - ring of ice
                                h - ring of Shadows {Umbra +Inv Stlth+}

@: wreathed by umbra, extremely resistant to hostile enchantments, extremely
unstealthy
A: no food or potions, fire vulnerability, cold resistance 1, negative energy
resistance 3, torment resistance, unbreathing, in touch with death 1, restore
body
a: Self-Restoration, Potion Petition, Call Merchant, Bribe Branch, Renounce
Religion, Evoke Invisibility


You were on level 3 of the Spider Nest.
You worshipped Gozag.
Gozag was most pleased with you.
You were not hungry.

You visited 5 branches of the dungeon, and saw 28 of its levels.
You visited the Abyss 1 time.
You also visited: Labyrinth, Bailey and Ice Cave.

You collected 10214 gold pieces.
You spent 4144 gold pieces at shops.
You paid 4635 gold pieces to Gozag.

Inventory:

Hand Weapons
 a - the +9 longbow of Honesty {venom, Int+4}
   (You found it on level 5 of the Lair of Beasts)

   It poisons the ammo it fires.
   It affects your intelligence (+4).
 q - a +4 scythe of pain
 T - the +6 scimitar of Flaming Death (weapon) {sticky flame, rPois rF++ rC- MR+}
   (You acquired it on level 2 of the Orcish Mines)

   It has been specially enchanted to burn those struck by it, causing extra
   injury to most foes and up to half again as much damage against particularly
   susceptible opponents.
   Big, fiery blades are also staple armaments of hydra-hunters.
   It greatly protects you from fire.
   It makes you vulnerable to cold.
   It protects you from poison.
   It affects your resistance to hostile enchantments.
Armour
 f - a +1 pair of boots (worn)
 y - the +12 crystal plate armour "Siaved" (worn) {rC- Str+2 Int+4 Stlth+}
   (You bought it in a shop on level 8 of the Dungeon)

   It affects your strength (+2).
   It affects your intelligence (+4).
   It makes you vulnerable to cold.
   It makes you more stealthy.
 z - a +2 pair of gloves of archery (worn)
 K - a +2 helmet of intelligence (worn)
 U - the cursed +0 cloak of Distant Worlds (worn) {rC+ Dex+5}
   (You found it on level 9 of the Dungeon)

   It affects your dexterity (+5).
   It protects you from cold.
   It has a curse placed upon it.
Magical Staves
 s - an uncursed staff of wizardry {!a}
Rods
 H - a -2 rod of shadows (0/10)
   (You found it on level 9 of the Dungeon)
Jewellery
 e - an uncursed ring of protection from magic
 g - a +5 amulet of reflection (around neck)
 h - the ring of Shadows (left hand) {Umbra +Inv Stlth+}
   (You bought it in a shop on level 1 of the Shoals)

   [ring of stealth]

   It lets you turn invisible.
   It makes you more stealthy.
 p - a +2 ring of slaying
 u - an uncursed ring of wizardry
 x - an uncursed ring of fire
 J - the ring of Ephemeral Luck {EV+2 Str+2 Dex+3}
   (You found it on level 1 of the Lair of Beasts)

   [ring of evasion]

   It affects your evasion (+2).
   It affects your strength (+2).
   It affects your dexterity (+3).
 X - a ring of ice (right hand)
 Y - the ring of Xakewk {Int+2 SInv}
   (You found it in a labyrinth)

   [ring of see invisible]

   It affects your intelligence (+2).
   It lets you see invisible.
Wands
 c - a wand of disintegration (2/24)
 j - a wand of acid (0/15)
 o - a wand of hasting (1/9)
 t - a wand of paralysis (8/24)
 w - a wand of enslavement (3/24)
 B - a wand of paralysis (1/24)
 C - a wand of random effects (2/48)
 F - a wand of random effects (32/48)
 G - a wand of flame (31/48)
 I - a wand of iceblast (4/15)
 N - a wand of flame (20/48)
 P - a wand of flame (20/48)
Scrolls
 b - a scroll of recharging
 i - 5 scrolls of noise
 k - 2 scrolls of fog
 l - 3 scrolls of magic mapping
 m - 4 scrolls of blinking
 n - 8 scrolls of remove curse
 r - a scroll of amnesia
 v - a scroll of enchant armour
 L - 2 scrolls of fear
 M - 5 scrolls of enchant weapon
 O - 2 scrolls of immolation
 Q - 2 scrolls of holy word
 R - a scroll of silence
 V - 2 scrolls of vulnerability
 W - 2 scrolls of torment
Books
 d - a book of the Sky

   Spells                             Type                      Level
   a - Summon Lightning Spire         Summoning/Air                4
   b - Airstrike                      Air                          4
   c - Silence                        Hexes/Air                    5
   d - Deflect Missiles               Charms/Air                   6
   e - Conjure Ball Lightning         Conjuration/Air              6
   f - Tornado                        Air                          9
 A - the Almanac of Aid and the Snowflakes
   (You found it on level 7 of the Dungeon)

   Spells                             Type                      Level
   a - Song of Slaying                Charms                       2
   b - Regeneration                   Charms/Necromancy            3
   c - Spectral Weapon                Hexes/Charms                 3
   d - Simulacrum                     Ice/Necromancy               6
 D - a book of Frost

   Spells                             Type                      Level
   a - Freeze                         Ice                          1
   b - Throw Frost                    Conjuration/Ice              2
   c - Ozocubu's Armour               Charms/Ice                   3
   d - Throw Icicle                   Conjuration/Ice              4
   e - Summon Ice Beast               Ice/Summoning                4
 S - a book of Enchantments

   Spells                             Type                      Level
   a - Cause Fear                     Hexes                        4
   b - Yara's Violent Unravelling     Hexes/Transmutation          5
   c - Silence                        Hexes/Air                    5
   d - Deflect Missiles               Charms/Air                   6
   e - Haste                          Charms                       6
   f - Discord                        Hexes                        8
Miscellaneous
 E - a fan of gales
 Z - a phial of floods (inert)


   Skills:
 - Level 9.0 Fighting
 * Level 18.1 Long Blades
   Level 2.6 Crossbows
 + Level 13.2 Armour
 - Level 4.2 Dodging
 - Level 1.0 Spellcasting
 - Level 2.6 Hexes
 - Level 4.2 Evocations


You had 9 spell levels left.
You knew the following spells:

 Your Spells              Type           Power        Failure   Level  Hunger
a - Control Undead        Necr           #.........   100%        4    N/A
b - Spectral Weapon       Hex/Chrm       #.......     100%        3    N/A
c - Apportation           Tloc           #.........   100%        1    N/A

Dungeon Overview and Level Annotations

Branches:
Dungeon (12/15)            Temple (0/1) D:5            Lair (6/6) D:9
 Shoals (4/4) Lair:2       Spider (4/4) Lair:2        Slime (0/5) Lair:5
    Orc (2/2) D:10            Elf (0/3) Orc:2

Altars:
Cheibriados
Dithmenos
Elyvilon
Gozag
Kikubaaqudgha
Makhleb
Okawaru
Pakellas
Qazlal
Uskayaw
Xom
Yredelemnul
Zin

Shops:
D:8 [   Orc:2 *:(*[[   Lair:6 (   Shoals:1 =

Annotations:
D:6 Leszczynek's ghost, novice OgAM
D:11 Snorg
Lair:3 exclusions: downstairs and upstairs
Lair:5 exclusion: upstairs
Lair:6 exclusion: upstairs
Spider:2 Arachne
Spider:3 Donald; Louise
Spider:4 Nikola


Innate Abilities, Weirdness & Mutations

You do not eat or drink.
Your flesh is vulnerable to fire.
You are immune to poison.
Your flesh is cold resistant. (rC+)
You are immune to negative energy. (rN+++)
You are immune to unholy pain and torment.
You can survive without breathing.
You are in touch with the powers of death.
You can restore your body by infusing magical energy.


Message History

Donald burns!
Donald blocks your purple ugly thing's attack.
Donald hits you with a broad axe of chopping!!
* * * LOW HITPOINT WARNING * * *
x2 Donald hits your purple ugly thing with a broad axe of chopping!
Your purple ugly thing dies!
Your purple ugly thing's corpse dissolves into shadows!
Donald completely misses your purple ugly thing.
Unknown command.
Unknown command.
Unknown command.
Unknown command.
Donald burns!
Your purple ugly thing splashes around in the water.
Unknown command.
Unknown command.
Donald burns!
Donald hits you with a broad axe of chopping!!
You die...
Your body crumbles into a pile of gold.

##.....###..#.......##.#...
##.^...##.#..#..!..###......
#.....##.....#.....#.......#
##....#....≈≈#....##..######
##...##...≈≈#.....#..#
#^.^.<####>≈#...###..#
#^....#.#.u.......^..#
####........@..........#
##..##.......@...####.### $
##....###....##.....####
#.......##..##.......#
###........#####.......#
#.........##.####......#
......#^.....^#....#####
...####......##........#
.....##.....^..........#
....#########.....##.###


You could see Donald (burning) and a friendly purple ugly thing.

Vanquished Creatures
  A tentacled starspawn (Abyss:2)
  An orc warlord (Orc:1)
  A ghost moth (Spider:3)
  An emperor scorpion (Spider:3)
  4 entropy weavers
  2 stone giants
  A very ugly thing (IceCv)
  A merfolk javelineer (Shoals:4)
  2 hydras
  A queen ant (Spider:1)
  A merfolk aquamancer (Shoals:4)
  8 death yaks
  5 orc high priests (Orc:2)
  4 thrashing horrors (Abyss:2)
  2 wretched stars (Abyss:2)
  10 sea snakes
  A hill giant (D:11)
  A lindwurm (Lair:5)
  12 harpies
  10 orc knights
  A hornet (Spider:2)
  5 large abominations (Abyss:2)
  10 wolf spiders
  4 griffons
  A moth of wrath (Spider:3)
  2 orc sorcerers
  3 ugly things (D:11)
  A cyclops (Shoals:2)
  4 fauns
  5 orb spiders
  3 manticores
  A guardian serpent (Abyss:2)
  2 sixfirhies (Abyss:2)
  10 elephants
  2 black mambas
  3 sirens
  A centaur zombie (D:10)
  A naga mage (Abyss:2)
  A gargoyle (D:10)
  An apocalypse crab (Abyss:2)
  2 water nymphs (Shoals:1)
  2 smoke demons (Abyss:2)
  2 orange demons (Abyss:2)
  2 rime drakes
  25 spiny frogs
  2 torpor snails
  17 komodo dragons
  A tormentor (Abyss:2)
  6 demonic crawlers
  A hellwing (Abyss:2)
  2 ancient zymes (Abyss:2)
  6 merfolk
  2 trolls
  A polar bear (Lair:3)
  A two-headed ogre (D:11)
  Grinder (D:5)
  16 jumping spiders
  2 wind drakes
  3 giant leeches (Lair:6)
  A snapping turtle (Shoals:3)
  19 blink frogs
  Prince Ribbit (Lair:1)
  A raiju (Abyss:2)
  Sigmund (D:3)
  32 redbacks
  2 ynoxinuls (Abyss:2)
  4 wraiths
  2 wyverns
  A dire elephant simulacrum (IceCv)
  9 tarantellas
  3 water elementals
  17 yaks
  4 vampire mosquitoes (Lair:6)
  2 basilisks
  A chaos spawn (Abyss:2)
  A neqoxec (Abyss:2)
  6 hippogriffs
  7 wargs
  3 hungry ghosts
  A harpy simulacrum (IceCv)
  An iron troll simulacrum (IceCv)
  A naga (Abyss:2)
  4 soldier ants (Spider:1)
  10 water moccasins
  A hydra simulacrum (IceCv)
  6 porcupines
  9 ice beasts
  An eye of draining (Abyss:2)
  A sky beast (D:10)
  14 ogres
  A black bear (D:9)
  A necrophage (D:10)
  36 orc warriors
  5 centaurs
  A phantom (D:10)
  2 wolves (Lair:1)
  11 crocodiles
  A big kobold (D:7)
  A wyvern zombie (D:8)
  23 giant frogs
  An earth elemental (Orc:2)
  A scorpion (D:6)
  A troll skeleton (Lab)
  3 killer bees (D:10)
  8 wights
  2 howler monkeys
  5 electric eels
  3 crimson imps
  5 jellies
  7 hounds
  26 orc priests
  5 centaur skeletons
  3 giant frog skeletons
  10 iguanas
  An iron imp (Abyss:2)
  16 orc wizards
  Jessica (D:3)
  Ijyb (D:2)
  25 worker ants
  10 hell rats
  2 small abominations (Abyss:2)
  10 sheep
  A hound zombie (D:10)
  A worker ant zombie (D:7)
  2 hound skeletons
  15 gnolls
  87 river rats
  11 adders
  3 shadow imps
  An ooze (D:1)
  An adder zombie (D:6)
  An adder skeleton (D:4)
  19 worms
  3 dart slugs (D:2)
  5 giant geckos
  104 orcs
  8 giant cockroaches
  4 goblins
  16 hobgoblins
  13 jackals
  6 quokkas
  7 bats
  A giant gecko skeleton (D:3)
  5 giant newts
  14 kobolds
  9 rats
  A butterfly (D:10)
  A fungus (Lair:6)
  4 plants
961 creatures vanquished.

Vanquished Creatures (collateral kills)
  An entropy weaver (Spider:3)
  A minotaur (Lab)
  Harold (Lair:1)
  An orc knight (Orc:1)
  A cyclops (Orc:1)
  3 orc warriors
  A merfolk (Shoals:1)
  A yak (D:8)
  A warg (D:8)
  An iron troll simulacrum (IceCv)
  A swamp worm (D:8)
  A killer bee (D:10)
  A wight (D:10)
  A centaur zombie (D:5)
  2 orc priests (Orc:1)
  An orc wizard (D:10)
  3 gnolls (Orc:1)
  An adder (D:9)
  5 river rats
  A worm (D:9)
  6 orcs
35 creatures vanquished.

Vanquished Creatures (others)
  An elephant (Lair:2)
  A tarantella (Spider:1)
  3 yaks
  A warg (Orc:1)
  An orc warrior (Orc:1)
  A scorpion (D:8)
  A killer bee (D:10)
  An orc (Orc:1)
  An orc wizard (Orc:1)
  An ufetubus (Abyss:2)
  15 fungi
  49 plants
  2 starspawn tentacles (Abyss:2)
78 creatures vanquished.

Grand Total: 1074 creatures vanquished

Notes
Turn   | Place    | Note
-------+----------+-------------------------------------------
     0 | D:1      | 4thArraOfDagon the Mummy Arcane Marksman began the quest for the Orb.
     0 | D:1      | Reached XP level 1. HP: 15/15 MP: 2/2
    84 | D:2      | Reached XP level 2. HP: 16/21 MP: 3/3
   183 | D:3      | Noticed Ijyb
   257 | D:3      | Found a burning altar of Makhleb.
   257 | D:3      | Found a shadowy altar of Dithmenos.
   258 | D:3      | Found an ancient bone altar of Kikubaaqudgha.
   259 | D:3      | Found an oddly glowing altar of Pakellas.
   259 | D:3      | Found a stormy altar of Qazlal.
   259 | D:3      | Found an opulent altar of Gozag.
   259 | D:3      | Found an iron altar of Okawaru.
   324 | D:3      | Became a worshipper of Gozag Ym Sagoz the Greedy
   536 | D:1      | Reached XP level 3. HP: 24/26 MP: 4/4
   594 | D:1      | Reached skill level 1 in Long Blades
  1562 | D:2      | Reached XP level 4. HP: 32/32 MP: 5/5
  1593 | D:2      | Reached skill level 1 in Armour
  1619 | D:2      | Reached skill level 2 in Long Blades
  1620 | D:2      | Found a snail-covered altar of Cheibriados.
  2057 | D:2      | Killed Ijyb
  2096 | D:3      | Reached XP level 5. HP: 34/37 MP: 6/6
  2157 | D:3      | Noticed Sigmund
  2162 | D:3      | Killed Sigmund
  2162 | D:3      | Reached skill level 3 in Long Blades
  2162 | D:3      | Reached XP level 6. HP: 40/43 MP: 7/7
  2391 | D:3      | Noticed Jessica
  2413 | D:3      | Killed Jessica
  2413 | D:3      | Reached skill level 4 in Long Blades
  2605 | D:4      | Found a hide-covered altar of Uskayaw.
  2643 | D:4      | Found a white marble altar of Elyvilon.
  2932 | D:4      | Reached XP level 7. HP: 14/48 MP: 8/8
  3252 | D:5      | Entered Level 5 of the Dungeon
  3328 | D:5      | Reached skill level 5 in Long Blades
  3736 | D:6      | timbw: did that 6k dd in vaults
  3745 | D:5      | timbw: have 2 runes?
  3750 | D:5      | 4thArraOfDagon: nope
  3750 | D:5      | 4thArraOfDagon: couldnt get it
  3818 | D:5      | timbw: i understand they have changed the lair runes a bit
  3987 | D:5      | timbw: so that you can only get certain branches together
  4008 | D:5      | timbw: im not quite sure why
  4048 | D:5      | 4thArraOfDagon: like what
  4083 | D:5      | timbw: im not sure, something like
  4117 | D:5      | timbw: if you get snake, you can only get shoals or swamp not spider etc
  4129 | D:5      | timbw: they have added it so you can only get certain pairs
  4134 | D:5      | timbw: some you cant get anymore
  4159 | D:5      | timbw: i dont know what pairings though
  4176 | D:5      | Reached skill level 6 in Long Blades
  4192 | D:5      | Noticed Grinder
  4301 | D:6      | Found a glowing silver altar of Zin.
  4301 | D:6      | Noticed an angel
  4415 | D:7      | Identified the Almanac of Aid and the Snowflakes
  4463 | D:7      | Reached XP level 8. HP: 46/54 MP: 9/9
  4910 | D:7      | Reached skill level 7 in Long Blades
  5063 | D:6      | 4thArraOfDagon: yeah
  5071 | D:6      | 4thArraOfDagon: anyway
  5071 | D:6      | 4thArraOfDagon: i couldnt even detect 2nd lair branch
  5071 | D:6      | 4thArraOfDagon: :/
  5096 | D:6      | Found a shimmering altar of Xom.
  5115 | D:6      | 4thArraOfDagon: it was somewhere in the very last unexplored pixel
  5389 | D:8      | Found a flagged portal.
  5404 | D:8      | Reached skill level 5 in Armour
  5416 | Bailey   | Entered a bailey
  5599 | D:9      | Identified a -2 rod of shadows (10/10) (You found it on level 9 of the Dungeon)
  5675 | D:9      | Found a staircase to the Lair.
  5675 | D:9      | Noticed a komodo dragon
  5702 | D:9      | Killed a komodo dragon
  5702 | D:9      | Reached XP level 9. HP: 57/59 MP: 10/10
  5748 | D:8      | Reached skill level 8 in Long Blades
  5911 | D:8      | Reached skill level 1 in Evocations
  5961 | D:8      | Bought a pair of glowing gloves for 121 gold pieces
  5961 | D:8      | Bought a glowing helmet for 121 gold pieces
  5981 | D:8      | Bought a transparent leather armour for 189 gold pieces
  5991 | D:8      | Identified the +3 leather armour of Undesirable Species {-Tele *Corrode +Inv Int+4} (You bought it in a shop on level 8 of the Dungeon)
  6006 | D:8      | Bought a silken robe for 153 gold pieces
  6016 | D:8      | Identified the cursed -5 robe of Misfortune {-Cast *Contam *Tele *Drain EV-5 Stlth-- *Curse} (You bought it in a shop on level 8 of the Dungeon)
  6322 | D:5      | Found a staircase to the Ecumenical Temple.
  6461 | D:5      | Killed Grinder
  6849 | D:6      | Noticed Leszczynek's ghost (novice OgAM)
  7160 | D:9      | Noticed a troll
  7603 | D:8      | Killed a troll
  7804 | D:10     | Entered Level 10 of the Dungeon
  7914 | D:10     | Reached XP level 10. HP: 42/70 MP: 10/12
  8021 | D:10     | Reached skill level 9 in Long Blades
  8028 | D:10     | Noticed a gargoyle
  8040 | D:10     | Killed a gargoyle
  8219 | D:11     | Noticed a purple ugly thing
  8241 | D:11     | Killed a purple ugly thing
  8306 | D:11     | Noticed a hill giant
  8366 | D:11     | Killed a hill giant
  9454 | D:9      | Reached skill level 10 in Long Blades
  9491 | D:10     | Reached XP level 11. HP: 78/78 MP: 14/14
  9652 | D:11     | Noticed Snorg
  9753 | D:11     | Noticed a brown ugly thing
  9773 | D:11     | Killed a brown ugly thing
  9773 | D:11     | Reached skill level 5 in Fighting
 10162 | D:11     | Noticed a purple ugly thing
 10182 | D:11     | Killed a purple ugly thing
 10760 | D:10     | Found a staircase to the Orcish Mines.
 10774 | Orc:1    | Entered Level 1 of the Orcish Mines
 10774 | Orc:1    | Noticed an orc knight
 10787 | Orc:1    | Killed an orc knight
 11185 | Orc:2    | Entered Level 2 of the Orcish Mines
 11185 | Orc:2    | Noticed a stone giant
 11186 | Orc:2    | meh
 11356 | D:9      | Got a warped cloak
 11362 | D:9      | Identified the cursed +0 cloak of Distant Worlds {rC+ Dex+5} (You found it on level 9 of the Dungeon)
 11413 | Lair:1   | Entered Level 1 of the Lair of Beasts
 11450 | Lair:1   | Reached skill level 11 in Long Blades
 11856 | Lair:4   | Found a labyrinth entrance.
 11866 | Lab      | Entered a labyrinth
 12517 | Lab      | Got a jewelled morningstar
 12718 | Lab      | Noticed a minotaur
 12764 | Lab      | Got a serpentine bone ring
 12769 | Lab      | Killed a minotaur
 12801 | Lab      | Identified the +9 morningstar of Asehosig {freeze, Str+2 Dex+7} (You found it in a labyrinth)
 12809 | Lair:4   | Reached XP level 12. HP: 91/91 MP: 15/15
 13275 | Lair:5   | Noticed a four-headed hydra
 13287 | Lair:4   | Noticed an eight-headed hydra
 13325 | Lair:3   | Found an iron altar of Okawaru.
 13499 | D:8      | Bought a shimmering crystal plate armour for 2295 gold pieces
 13524 | D:8      | Identified the +12 crystal plate armour "Siaved" {rC- Str+2 Int+4 Stlth+} (You bought it in a shop on level 8 of the Dungeon)
 13527 | D:8      | Identified the ring of Xakewk {Int+2 SInv} (You found it in a labyrinth)
 13598 | Lair:1   | Got a smoking platinum ring
 13600 | Lair:1   | Identified the ring of Ephemeral Luck {EV+2 Str+2 Dex+3} (You found it on level 1 of the Lair of Beasts)
 13814 | Lair:1   | Noticed Harold
 13828 | Lair:1   | Killed Harold
 13828 | Lair:1   | Reached skill level 12 in Long Blades
 13930 | Lair:1   | Noticed Prince Ribbit
 13952 | Lair:1   | Killed Prince Ribbit
 14178 | Lair:1   | Noticed a six-headed hydra
 14484 | Lair:2   | Found a hole to the Spider Nest.
 14918 | Lair:2   | Found a staircase to the Shoals.
 15347 | Lair:3   | Gained mutation: You are in touch with the powers of death. [Mummy growth]
 15347 | Lair:3   | Gained mutation: You can restore your body by infusing magical energy. [Mummy growth]
 15347 | Lair:3   | Reached XP level 13. HP: 97/100 MP: 16/16
 15716 | Lair:3   | Reached skill level 13 in Long Blades
 16407 | Lair:6   | Entered Level 6 of the Lair of Beasts
 16545 | Lair:5   | Got a crystal longbow
 16546 | Lair:5   | Identified the +9 longbow of Honesty {venom, Int+4} (You found it on level 5 of the Lair of Beasts)
 16627 | Lair:5   | Found a basalt altar of Yredelemnul.
 16642 | Lair:5   | Noticed an azure jelly
 16844 | Lair:6   | MEG!
 17422 | Lair:6   | Reached skill level 14 in Long Blades
 17456 | Lair:6   | Reached skill level 10 in Armour
 18389 | Lair:5   | Reached XP level 14. HP: 46/108 MP: 17/17
 18595 | Lair:5   | Found a staircase to the Slime Pits.
 19731 | Orc:1    | Noticed a stone giant
 19757 | Orc:1    | Killed a stone giant
 19774 | Orc:1    | Noticed an orc warlord
 19831 | Orc:1    | Killed an orc warlord
 19831 | Orc:1    | Reached skill level 15 in Long Blades
 19922 | Orc:1    | Learned a level 3 spell: Spectral Weapon
 20137 | Orc:2    | Found Sika's Antique Armour Boutique.
 20282 | Orc:2    | Found a staircase to the Elven Halls.
 21666 | Orc:2    | Found Luzxuan's Antique Weapon Emporium.
 21666 | Orc:2    | Found Bocze's Assorted Antiques.
 21667 | Orc:2    | Found Miko's General Store.
 21667 | Orc:2    | Found Atiyfocy's Book Shoppe.
 21674 | Orc:2    | Bought a scroll labeled CIUTHU NEEPOGIB for 32 gold pieces
 21674 | Orc:2    | Bought a scroll labeled WOSI DYLAOCLAE for 32 gold pieces
 21677 | Orc:2    | Bought a scroll of enchant weapon for 120 gold pieces
 21677 | Orc:2    | Bought a scroll of identify for 32 gold pieces
 21677 | Orc:2    | Bought a scroll of identify for 32 gold pieces
 21679 | Orc:2    | Bought a runed great sword for 175 gold pieces
 21679 | Orc:2    | Bought a glowing scimitar for 108 gold pieces
 21799 | Orc:2    | Killed a stone giant
 22167 | Shoals:1 | Entered Level 1 of the Shoals
 22255 | Shoals:1 | Learned a level 1 spell: Apportation
 22346 | Shoals:2 | Reached skill level 16 in Long Blades
 22521 | Shoals:1 | Reached XP level 15. HP: 107/113 MP: 18/18
 22539 | Shoals:1 | Bought a +5 amulet of reflection for 325 gold pieces
 22539 | Shoals:1 | Bought the ring of Shadows {Umbra +Inv Stlth+} for 409 gold pieces
 22623 | Shoals:4 | Entered Level 4 of the Shoals
 23189 | Shoals:3 | Identified the +2 ring mail of Borimyen {Int+3} (You took it off a merfolk on level 3 of the Shoals)
 23209 | Shoals:3 | Cast into level 2 of the Abyss (merfolk)
 23606 | Abyss:2  | Noticed a tentacled starspawn
 23630 | Abyss:2  | Killed a tentacled starspawn
 23862 | Abyss:2  | Reached skill level 17 in Long Blades
 23929 | Abyss:2  | Found a corrupted altar of Lugonu.
 23999 | Shoals:3 | Escaped the Abyss
 24481 | Spider:1 | Entered Level 1 of the Spider Nest
 24649 | Spider:1 | Found a frozen archway.
 24658 | IceCv    | Entered an ice cave
 25263 | Spider:1 | Reached XP level 16. HP: 64/120 MP: 19/19
 25868 | Spider:2 | Noticed Louise
 26071 | Spider:2 | Noticed Arachne
 26527 | Spider:3 | Reached skill level 18 in Long Blades
 26765 | Spider:4 | Entered Level 4 of the Spider Nest
 26765 | Spider:4 | Noticed Donald
 26765 | Spider:4 | Noticed Nikola
 26944 | Spider:3 | Learned a level 4 spell: Control Undead
 27006 | Spider:3 | Slain by Donald

Vault maps used:
D:1:      minmay_arrival_shattered_statue
D:2:      kennysheep_slug_shrine
D:3:      grunt_temple_overflow_open, first_bread, grunt_ministairs_2,
          uniq_jessica, uniq_iyjb, uniq_sigmund
D:4:      kennysheep_ying_yang, lemuel_doored_altar
D:5:      uniq_grinder
D:6:      lemuel_ice_spiral_2, grunt_temple_overflow_order_and_chaos_1
D:7:      grunt_ogre_cave
D:8:      enter_bailey_2, minmay_misc_feat_ornament
D:9:      dpeg_lair_monsters, worms_lemuel
D:10:     david_orc_4, hangedman_glass_garden
D:11:     grunt_decor_one_mirror, uniq_snorg
D:12:     serial_shops, nicolae_shop_crystal, minmay_evil_grid, uniq_sonja,
          uniq_josephine
Lair:1:   grunt_forest_stairs_basic, beast_lair_carwin_6, uniq_harold,
          uniq_prince_ribbit2
Lair:2:   minmay_shoals_entry_beasts, nicolae_spider_entry_tight_spaces,
          lemuel_fruit_fields, serial_bayou_shore_b
Lair:3:   basic_altar
Lair:4:   lab_entry_generic
Lair:5:   boulder_quad_collide, minmay_slime_entry_pillars,
          eino_small_chamber_without_monster, columned_hall_lemuel,
          lemuel_oklob_altar, serial_bayou_shore_b, infiniplex_staircase_pool
Lair:6:   minmay_lair_end_frog_pond, serial_bayou_shore_b
Shoals:3: serial_shops, shop, uniq_polyphemus
Shoals:4: shoals_end_simple, shoal_ilsuiw, serial_shops, shop,
          nicolae_shoals_undead_eyrie
Spider:1: portal_ice_cave_entry_pillars_2, minmay_another_anthill
Spider:2: uniq_louise, uniq_arachne
Spider:4: grunt_spider_rune_circles, nicolae_spider_stair_cavern, uniq_donald,
          uniq_nikola
Orc:1:    cheibrodos_orc_bank, nicolae_orc_rockfall
Orc:2:    st_orc_pillars, serial_shops, nicolae_shop_overgrown_old_shop
Lab:      nicolae_lab_lava, lab_statue, labyrinth_fake_exit,
          nicolae_lab_hexagon, nicolae_lab_x
Bailey:   bailey_polearm_5, bailey
IceCv:    ice_cave_statue_garden_chambered

Skill      XL: |  1  2  3  4  5  6  7  8  9 10 11 12 13 14 15 16 |
---------------+-------------------------------------------------+-----
Crossbows      | 2 |  2.6
Long Blades    | 1 2 3 4 6 7 8 10 11 12 14 16 17 18 | 18.1
Armour         | 1 2 3 5 6 7 9 10 11 12 13 | 13.2
Dodging        | 2 4 |  4.2
Evocations     | 2 4 |  4.2
Fighting       | 3 4 7 8 9 |  9.0
Spellcasting   | |  1.0
Hexes          | |  2.6

Action                   |  1- 3 |  4- 6 |  7- 9 | 10-12 | 13-15 | 16-18 || total
-------------------------+-------+-------+-------+-------+-------+-------++-------
Melee: Long sword        |   151 |   109 |   432 |    22 |   218 |    19 ||   951
       Scythe            |       |    12 |       |       |       |       ||    12
       Great sword       |       |       |       |  1283 |  1254 |       ||  2537
       Scimitar          |       |       |       |       |   864 |   368 ||  1232
 Fire: Hand crossbow     |    59 |   105 |   109 |     9 |     2 |       ||   284
Throw: Throwing net      |       |       |     2 |     6 |     4 |     1 ||    13
Invok: Potion Petition   |       |     1 |       |       |     2 |       ||     3
       Call Merchant     |       |       |     1 |       |     3 |       ||     4
Evoke: Wand              |       |     4 |    61 |    47 |    36 |     8 ||   156
       Rod               |       |       |     4 |     5 |    15 |     4 ||    28
       Phial of floods   |       |       |       |     1 |     2 |     1 ||     4
       Fan of gales      |       |       |       |       |     1 |       ||     1
  Use: Scroll            |     2 |       |    18 |    11 |    17 |     1 ||    49
 Stab: Distracted        |       |       |     2 |     5 |    21 |     1 ||    29
       Paralysed         |       |       |     6 |    45 |     7 |       ||    58
       Confused          |       |       |     1 |       |       |       ||     1
       Held in net/web   |       |       |       |     3 |     3 |     1 ||     7
Armor: Robe              |     8 |       |       |       |       |       ||     8
       Plate armour      |   180 |   175 |   402 |   419 |       |       ||  1176
       Chain mail        |       |       |       |    96 |       |       ||    96
       Crystal plate arm |       |       |       |   360 |  1392 |   450 ||  2202
       Skin              |       |       |       |     1 |       |       ||     1
Dodge: Dodged            |    45 |    57 |   115 |   376 |   539 |    97 ||  1229
Block: Other             |       |       |       |       |   122 |    86 ||   208
       Reflection        |       |       |       |       |     6 |       ||     6
